 Dungeon Crawl Stone Soup version 0.19-a0-1109-g16db51f (webtiles) character file.

19893 MrRokkomies the Carver (level 12, -1/97 HPs)
             Began as a Vampire Arcane Marksman on Aug 10, 2016.
             Was a High Priest of Hepliaklqana.
             Slain by a yak (8 damage)
             ... on level 11 of the Dungeon.
             The game lasted 00:59:27 (25672 turns).

MrRokkomies the Carver (Vampire Arcane Marksman)   Turns: 25672, Time: 00:59:27

Health: -1/97      AC:  8    Str: 12    XL:     12   Next: 40%
Magic:  4/13       EV: 15    Int: 18    God:    Hepliaklqana [*****.]
Gold:   75         SH:  2    Dex: 18    Spells: 5 memorised, 0 levels left

rFire  + + .     SeeInvis +     b - +0 great sword
rCold  + . .     Gourm    .     m - +0 ring mail {rF+}
rNeg   + + .     Faith    .     (shield currently unavailable)
rPois  +         Spirit   .     h - +1 hat
rElec  +         Dismiss  .     e - +0 cloak
rCorr  +         Reflect  +     V - +0 pair of gloves
SustAt .         Harm     .     (no boots)
MR     +....                    X - +2 amulet of reflection
Stlth  +.........               T - +4 ring of dexterity
                                E - ring of Ephemeral Luck {rCorr rElec rF+}

@: regenerating slowly, slowed, very slow
A: fangs 3, see invisible, unbreathing
a: Bat Form, Recall Ancestor, Ancestor Identity, Transference, Idealise,
Renounce Religion


You were on level 11 of the Dungeon.
You worshipped Hepliaklqana.
Hepliaklqana was extremely pleased with you.
You were thirsty.

You visited 2 branches of the dungeon, and saw 15 of its levels.
You also visited: Sewer.

You collected 786 gold pieces.
You spent 711 gold pieces at shops.

Inventory:

Hand Weapons
 a - a +1 shortbow
 b - a +0 great sword (weapon)
 u - a +0 blowgun
 I - a +0 triple sword of protection
Missiles
 d - 246 arrows
 o - 3 poisoned tomahawks (quivered)
 v - 86 poisoned needles
Armour
 e - a +0 cloak (worn)
 g - a +0 ring mail of magic resistance
 h - a +1 hat (worn)
 m - a +0 ring mail of fire resistance (worn)
 V - a +0 pair of gloves (worn)
Jewellery
 C - an uncursed amulet of magic regeneration
 E - the ring of Ephemeral Luck (left hand) {rCorr rElec rF+}
   (You found it on level 7 of the Dungeon)

   [ring of resist corrosion]

   It protects you from fire.
   It insulates you from electricity.
 M - an uncursed ring of fire
 T - a +4 ring of dexterity (right hand)
 U - an uncursed ring of poison resistance
 X - a +2 amulet of reflection (around neck)
Wands
 j - a wand of disintegration (8/24)
 l - a wand of digging (9/24)
 q - a wand of disintegration (22/24)
 z - a wand of flame (20/48)
 A - a wand of acid (0/15)
 B - a wand of acid (0/15)
 G - a wand of random effects (27/48)
 H - a wand of confusion (31/48)
 O - a wand of enslavement (14/24)
Scrolls
 f - 3 scrolls of blinking
 i - 3 scrolls of amnesia
 p - 3 scrolls of enchant weapon
 r - 3 scrolls of magic mapping
 t - 2 scrolls of immolation
 y - a scroll of fear
 K - a scroll of enchant armour
 N - 4 scrolls of remove curse
 S - 2 scrolls of summoning
 W - a scroll of silence
Potions
 k - 3 potions of flight
 s - a potion of cure mutation
 w - a potion of might
 x - 4 potions of magic
 F - a potion of brilliance
 J - a potion of invisibility
 L - a potion of agility
 P - a potion of heal wounds {unknown}
 Q - a potion of curing
 R - 2 potions of blood
Books
 c - a book of Debilitation

   Spells                             Type                      Level
   a - Corona                         Hexes                        1
   b - Slow                           Hexes                        2
   c - Gell's Gravitas                Hexes/Translocation          3
   d - Inner Flame                    Hexes/Fire                   3
   e - Cause Fear                     Hexes                        4
   f - Leda's Liquefaction            Hexes/Earth                  4
 n - a book of Necromancy

   Spells                             Type                      Level
   a - Pain                           Necromancy                   1
   b - Animate Skeleton               Necromancy                   1
   c - Vampiric Draining              Necromancy                   3
   d - Regeneration                   Charms/Necromancy            3
   e - Animate Dead                   Necromancy                   4
   f - Control Undead                 Necromancy                   4
 D - the Catalogue of Self-Knowledge
   (You found it on level 7 of the Dungeon)

   Spells                             Type                      Level
   a - Shroud of Golubria             Charms/Translocation         2
   b - Ozocubu's Armour               Charms/Ice                   3
   c - Warp Weapon                    Charms/Translocation         5
 Y - a book of Spatial Translocations

   Spells                             Type                      Level
   a - Apportation                    Translocation                1
   b - Blink                          Translocation                2
   c - Shroud of Golubria             Charms/Translocation         2
   d - Portal Projectile              Translocation                3
   e - Teleport Other                 Translocation                3
   f - Passage of Golubria            Translocation                4


   Skills:
 - Level 10.0 Fighting
 * Level 11.8 Long Blades
 - Level 8.0 Bows
 - Level 7.2 Dodging
 - Level 1.0 Spellcasting
 - Level 10.0 Hexes
 * Level 2.1 Translocations


You couldn't memorise any spells.
You knew the following spells:

 Your Spells              Type           Power        Failure   Level  Hunger
a - Corona                Hex            #####..      1%          1    ##.....
b - Slow                  Hex            #####...     1%          2    ###....
c - Inner Flame           Hex/Fire       ###.....     21%         3    ####...
d - Cause Fear            Hex            #####.....   10%         4    #####..
e - Portal Projectile     Tloc           #.....       69%         3    ####...


Dungeon Overview and Level Annotations

Branches:
Dungeon (12/15)            Temple (0/1) D:5            Lair (3/6) D:9
  Swamp (0/4) Lair:2        Snake (0/4) Lair:2
    Orc: D:9-12

Altars:
Ashenzari
Cheibriados
Dithmenos
Fedhas
Gozag
Hepliaklqana
Pakellas
Qazlal
Sif Muna
Trog
Uskayaw
Vehumet
Xom
Yredelemnul
The Shining One

Shops:
D:4 :   D:5 (   D:8 *   D:9 *(?   D:10 *

Portals:
Trove: D:11 (give 4 scrolls of blinking)


Innate Abilities, Weirdness & Mutations

You heal slowly.
You have razor-sharp teeth.
You have supernaturally acute eyesight. (SInv)
You can survive without breathing.


Message History

There is a stone staircase leading up here.
The orc hits Nefertari with a club.
Nefertari blocks the ice beast's attack.
The yak gores you but does no damage. The orc wizard barely misses you.
You riposte.
You closely miss the orc wizard.
Nefertari hits the orc with a flail.
The orc dies!
Nefertari blocks the ice beast's attack.
You climb upwards.
There is a stone staircase leading down here.
You barely miss the yak. The yak gores you!
* * * LOW HITPOINT WARNING * * *
The yak misses you.
You barely miss the yak. The yak gores you.
* * * LOW HITPOINT WARNING * * *
Nefertari is recalled.
The yak gores you!
* * * LOW HITPOINT WARNING * * *
The yak gores you!
You die...

)# #..#
#........#
.# #..#
#........#
.# #..#
#........#
.# #..#
#<.......#
.#####..#
#.......(#
........#
#........#
........#
#........#
..####..#
#....Y...#
..# #..#
#....@...#
..# #..#
#...R....#
..# #..#
#........#
..# #..#
#........#
..# #..#
#........#
..# #..#
#........#
..# #..#
#........#
..# #..#
#........#
..# #..#
#.[......#


You could see the friendly Nefertari the knight and a yak.

Vanquished Creatures
  Snorg (D:12)
  A hydra (Lair:2)
  Joseph (D:8)
  2 black mambas
  Grinder (D:6)
  A two-headed ogre (D:10)
  2 blink frogs
  A spriggan (D:9)
  16 yaks
  A hungry ghost (D:11)
  A hippogriff (Lair:2)
  3 nagas (Lair:2)
  A soldier ant (D:11)
  A water moccasin (Lair:1)
  Duvessa (D:6)
  A porcupine (Lair:1)
  An eye of draining (D:11)
  4 sky beasts
  2 ice beasts (D:11)
  2 black bears
  A necrophage (D:10)
  4 ogres
  6 centaurs
  4 big kobolds
  12 giant frogs
  Dowan (D:6)
  A scorpion (D:7)
  3 killer bees
  7 wights
  5 howler monkeys
  An electric eel (Lair:1)
  A centaur zombie (D:10)
  2 crimson imps
  A giant frog zombie (D:11)
  3 jellies
  7 hounds
  5 orc wizards
  3 orc priests
  Natasha (twice) (D:2)
  An iguana (D:10)
  3 worker ants
  A hound skeleton (D:4)
  2 worker ant zombies
  3 gnolls (D:3)
  11 adders
  4 river rats
  4 shadow imps
  3 oozes
  4 worms
  2 dart slugs
  8 giant geckos
  18 orcs
  14 bats
  8 giant cockroaches
  13 goblins
  6 hobgoblins
  21 jackals
  11 kobolds
  3 quokkas
  3 ball pythons
  7 giant newts
  A jackal skeleton (D:5)
  2 quokka skeletons
  14 rats
280 creatures vanquished.

Vanquished Creatures (collateral kills)
  A hydra (Lair:2)
  An unseen horror (D:10)
  A black mamba (Lair:1)
  A centaur zombie (D:10)
  A spiny frog (Lair:2)
  2 komodo dragons
  A troll (D:10)
  A blink frog (Lair:1)
  12 yaks
  2 nagas (Lair:2)
  3 water moccasins
  A sky beast (D:9)
  3 porcupines
  2 ice beasts
  2 ogres
  4 centaurs
  4 crocodiles
  3 big kobolds (Sewer)
  5 giant frogs
  A wyvern skeleton (D:7)
  A scorpion (D:5)
  3 killer bees (D:7)
  6 wights
  A howler monkey (D:10)
  2 crimson imps
  Crazy Yiuf (D:6)
  3 orc priests
  3 hounds
  4 jellies
  A giant frog skeleton (D:11)
  3 iguanas
  5 orc wizards
  4 worker ants
  7 adders
  A gnoll (D:3)
  A howler monkey skeleton (D:6)
  A river rat (D:6)
  2 shadow imps
  3 worms
  3 giant geckos
  13 orcs
  2 giant cockroaches
  A jackal (D:10)
  3 kobolds (Sewer)
  A quokka (D:9)
  A ball python (D:4)
  A bat (D:3)
  2 rats
  A fungus (Lair:2)
131 creatures vanquished.

Vanquished Creatures (others)
  5 sheep (D:3)
  8 knights
  3 ancestors
  2 fungi
  2 plants (Lair:1)
20 creatures vanquished.

Grand Total: 431 creatures vanquished

Notes
Turn   | Place    | Note
-------+----------+-------------------------------------------
     0 | D:1      | MrRokkomies the Vampire Arcane Marksman began the quest for the Orb.
     0 | D:1      | Reached XP level 1. HP: 14/14 MP: 2/2
   208 | D:1      | Reached XP level 2. HP: 11/20 MP: 3/3
   346 | D:1      | Learned a level 2 spell: Slow
   681 | D:1      | Reached skill level 5 in Hexes
   956 | D:1      | Reached skill level 1 in Fighting
  1078 | D:1      | Reached XP level 3. HP: 26/26 MP: 4/4
  1655 | D:2      | Found a hazy altar of Hepliaklqana.
  1665 | D:2      | Became a worshipper of Hepliaklqana
  2265 | D:2      | Reached XP level 4. HP: 28/33 MP: 5/5
  2332 | D:2      | Noticed Natasha
  2341 | D:2      | Killed Natasha
  2841 | D:2      | Noticed Natasha
  2850 | D:2      | Killed Natasha
  2850 | D:2      | Reached XP level 5. HP: 31/39 MP: 6/6
  3067 | D:3      | Learned a level 3 spell: Inner Flame
  4133 | D:3      | Reached XP level 6. HP: 16/47 MP: 3/7
  4601 | D:3      | Reached * piety under Hepliaklqana
  4715 | D:3      | Found a shimmering altar of Xom.
  5195 | D:4      | Noticed a dagger
  5195 | D:4      | Noticed a dagger
  5196 | D:4      | Found a hide-covered altar of Uskayaw.
  5624 | D:4      | Reached XP level 7. HP: 53/55 MP: 8/8
  5663 | D:4      | HP: 1/55 [ogre/giant club (21)]
  5681 | D:4      | Reached skill level 5 in Bows
  6384 | D:4      | Reached skill level 5 in Fighting
  6628 | D:4      | Found Luvvul's Book Shoppe.
  6900 | D:5      | Entered Level 5 of the Dungeon
  6999 | D:5      | Found a staircase to the Ecumenical Temple.
  7493 | D:5      | Found Ruda's Weapon Shop.
  7496 | D:5      | Bought 22 arrows for 61 gold pieces
  7653 | D:5      | Reached XP level 8. HP: 62/62 MP: 9/9
  7800 | D:5      | Reached ** piety under Hepliaklqana
  7801 | D:5      | Remembered your ancestor Nefertari as a knight
  7919 | D:5      | Found a blossoming altar of Fedhas.
  8190 | D:6      | Found a shadowy altar of Dithmenos.
  8235 | D:6      | Found a stormy altar of Qazlal.
  8360 | D:6      | Found a glowing drain.
  8380 | Sewer    | Entered a sewer
  9428 | D:6      | Found a runed door.
  9433 | D:6      | Noticed Crazy Yiuf
  9439 | D:6      | Killed Crazy Yiuf
  9501 | D:6      | Reached XP level 9. HP: 68/68 MP: 10/10
  9553 | D:6      | Noticed Grinder
  9562 | D:6      | Paralysed by Grinder for 4 turns
  9563 | D:6      | Noticed Duvessa
  9564 | D:6      | Noticed Dowan
  9568 | D:6      | Killed Grinder
  9568 | D:6      | Reached skill level 10 in Hexes
  9572 | D:6      | Killed Duvessa
  9572 | D:6      | Reached skill level 1 in Long Blades
  9579 | D:6      | Killed Dowan
  9869 | D:6      | Learned a level 4 spell: Cause Fear
  9924 | D:7      | Reached skill level 2 in Long Blades
 10367 | D:7      | Reached *** piety under Hepliaklqana
 10421 | D:7      | Reached skill level 3 in Long Blades
 10470 | D:7      | Found a glowing golden altar of the Shining One.
 10716 | D:7      | Found a snail-covered altar of Cheibriados.
 10716 | D:7      | Found an oddly glowing altar of Pakellas.
 10716 | D:7      | Found an opulent altar of Gozag.
 10735 | D:7      | Found a shattered altar of Ashenzari.
 10735 | D:7      | Found a radiant altar of Vehumet.
 10786 | D:7      | Identified the Catalogue of Self-Knowledge
 10967 | D:6      | Reached skill level 4 in Long Blades
 11513 | D:7      | Got a transparent amber ring
 11514 | D:7      | Identified the ring of Ephemeral Luck {rCorr rElec rF+} (You found it on level 7 of the Dungeon)
 11715 | D:8      | Noticed Joseph
 11751 | D:8      | Found Zifeb's General Store.
 11756 | D:8      | Reached skill level 5 in Long Blades
 11839 | D:8      | Reached XP level 10. HP: 49/77 MP: 11/11
 12322 | D:8      | Killed Joseph
 12364 | D:8      | Reached skill level 6 in Long Blades
 12644 | D:8      | Found a basalt altar of Yredelemnul.
 13283 | D:9      | Found Miplupri's Magic Scroll Emporium.
 13303 | D:9      | Found Colupaw's Weapon Shoppe.
 13406 | D:9      | Found a staircase to the Lair.
 13449 | D:9      | Reached **** piety under Hepliaklqana
 13484 | D:9      | Found Ithogiv's General Store.
 13776 | D:9      | Found a deep blue altar of Sif Muna.
 13965 | D:9      | Found a bloodstained altar of Trog.
 14277 | Lair:1   | Entered Level 1 of the Lair of Beasts
 14354 | Lair:1   | Reached skill level 7 in Long Blades
 15292 | Lair:1   | Noticed a black mamba
 15297 | Lair:1   | Noticed a black mamba
 15340 | Lair:1   | HP: 4/82 [poisoned by a black mamba]
 15348 | Lair:1   | HP: 3/82 [poisoned by a black mamba]
 15964 | Lair:1   | Killed a black mamba
 15964 | Lair:1   | Reached skill level 8 in Long Blades
 16678 | Lair:1   | Killed a black mamba
 17070 | Lair:1   | Reached XP level 11. HP: 32/87 MP: 12/12
 17802 | Lair:2   | Noticed a seven-headed hydra
 17848 | Lair:2   | Killed a seven-headed hydra
 18121 | Lair:2   | Reached skill level 9 in Long Blades
 18999 | Lair:2   | Found a staircase to the Snake Pit.
 20677 | Lair:1   | Reached skill level 10 in Fighting
 20730 | Lair:2   | Reached skill level 10 in Long Blades
 21525 | Lair:2   | Noticed an eight-headed hydra
 21612 | Lair:2   | Killed an eight-headed hydra
 21796 | Lair:2   | Found a staircase to the Swamp.
 22210 | Lair:3   | Reached ***** piety under Hepliaklqana
 22232 | Lair:3   | Noticed a death yak
 22338 | D:10     | Entered Level 10 of the Dungeon
 22401 | D:10     | Noticed an unseen horror
 22430 | D:10     | Killed an unseen horror
 22430 | D:10     | Reached skill level 5 in Dodging
 23068 | D:10     | Found a glowing golden altar of the Shining One.
 23600 | D:10     | Found Nuot's Assorted Antiques.
 23641 | D:10     | Reached XP level 12. HP: 76/97 MP: 3/13
 23647 | D:10     | Reached skill level 11 in Long Blades
 25126 | D:11     | Found a portal to a secret trove of treasure.
 25446 | D:4      | Bought a book of Spatial Translocations for 650 gold pieces
 25450 | D:4      | Learned a level 3 spell: Portal Projectile
 25619 | D:12     | Noticed Snorg
 25642 | D:12     | Reached skill level 1 in Translocations
 25647 | D:12     | Killed Snorg
 25672 | D:11     | Slain by a yak

Vault maps used:
D:1:      lemuel_arrival_muddy
D:2:      lemuel_round_altar, st_stairs_12, uniq_natasha
D:3:      kb_xom_exploding_sheep, serial_glass, glass_columns_c, glass_columns_a
D:4:      dancing_weapons_uskayaw, first_bread, serial_shops,
          nicolae_shop_behind_doors
D:5:      serial_shops, kennysheep_mini_moat, fedhas_altar_3
D:6:      nicolae_overflow_crystal_walls, grunt_dithmenos_smoke,
          portal_sewer_entry_e, uniq_grinder, uniq_crazy_yiuf_cottage,
          uniq_duvessa
D:7:      minmay_overflow_temple_hex
D:8:      basic_altar, serial_shops, shop, uniq_joseph
D:9:      led_sif_pool, kennysheep_mini, lair_0_dummy, serial_shops, shop, shop,
          nicolae_shop_stone, the_bakery
D:10:     serial_shops, shop, st_stairs_14, tso_altar
D:11:     trove_entry_hex_spiral
D:12:     minmay_coctagon, david_orc_5, st_stairs_3, trog_ov_bears_minmay,
          uniq_snorg
Lair:1:   guppyfry_lair_drakes, infiniplex_staircase_pool, lemuel_fruit_fields
Lair:2:   swamp_mist, minmay_snake_entry_guardpost_medium
Lair:3:   uniq_sonja
Sewer:    sewer_co_tree

Skill      XL: |  1  2  3  4  5  6  7  8  9 10 11 12 |
---------------+-------------------------------------+-----
Bows           | 2 3 4 5 7 8 |  8.0
Hexes          | 5 6 9 10 | 10.0
Fighting       | 1 2 3 4 5 6 8 10 | 10.0
Long Blades    | 5 8 10 11 | 11.8
Dodging        | 5 7 |  7.2
Translocations | 2 |  2.1
Spellcasting   | |  1.0

Action                   |  1- 3 |  4- 6 |  7- 9 | 10-12 || total
-------------------------+-------+-------+-------+-------++-------
Melee: Short sword       |   166 |   108 |       |       ||   274
       Bite              |    11 |    12 |    36 |    67 ||   126
       Flail             |       |    75 |   231 |       ||   306
       Long sword        |       |       |   209 |   516 ||   725
       Great sword       |       |       |       |    68 ||    68
 Fire: Shortbow          |    13 |    33 |    31 |   186 ||   263
Throw: Tomahawk          |       |       |     2 |       ||     2
 Cast: Corona            |     1 |     1 |     2 |     4 ||     8
       Slow              |       |     1 |     5 |    28 ||    34
       Inner Flame       |       |     1 |       |     6 ||     7
       Cause Fear        |       |       |       |     2 ||     2
Invok: Ancestor Life: Kn |       |       |     1 |       ||     1
       Recall Ancestor   |       |       |     1 |     6 ||     7
       Idealise          |       |       |       |     1 ||     1
Evoke: Wand              |       |       |       |     8 ||     8
  Use: Scroll            |     4 |     3 |    11 |    11 ||    29
       Potion            |       |     2 |     2 |     5 ||     9
 Stab: Distracted        |       |       |     5 |     6 ||    11
  Eat: Corpse            |     2 |     7 |    11 |    19 ||    39
Armor: Ring mail         |    75 |   114 |   183 |   134 ||   506
       Robe              |     1 |       |       |       ||     1
Dodge: Dodged            |   129 |   128 |   288 |   291 ||   836
Block: Other             |       |       |       |     3 ||     3
